 Dungeon Crawl Stone Soup version 0.28-a0-1567-g1695149f81 (webtiles) character file.

Game seed: 8698146505555404938

49 frimble the Grasshopper (level 3, 0/27 HPs)
             Began as a Demonspawn Warper on Jan 19, 2022.
             Succumbed to an adder's poison
             ... on level 2 of the Dungeon.
             The game lasted 00:01:23 (2053 turns).

frimble the Grasshopper (Demonspawn Warper)         Turns: 2053, Time: 00:01:23

Health: 0/27       AC:  5    Str: 13    XL:     3   Next: 53%
Magic:  5/5        EV: 12    Int: 14    God:
Gold:   56         SH:  0    Dex: 12    Spells: 4/6 levels left

rFire   . . .      SeeInvis .   a - +0 short sword
rCold   . . .      Faith    .   (no shield)
rNeg    . . .      Spirit   .   b - +0 leather armour
rPois   .          Reflect  .   (no helmet)
rElec   .          Harm     .   (no cloak)
rCorr   .          Rampage  .   (no gloves)
Will    .....                   (no boots)
Stlth   +.........              (no amulet)
HPRegen 0.09/turn               (no ring)
MPRegen 0.09/turn               (no ring)

@: brilliant, lethally poisoned (0 -> -2)
A: yellow scales 1, low mp 1
a: no special abilities


You were on level 2 of the Dungeon.
You visited 1 branch of the dungeon, and saw 2 of its levels.

You collected 56 gold pieces.

Inventory:

Hand Weapons
 a - a +0 short sword (weapon)
Missiles
 d - 5 boomerangs of dispersal (quivered)
Armour
 b - a +0 leather armour (worn)
 k - a +0 chain mail
Scrolls
 c - a scroll of blinking
 e - a scroll of enchant weapon {unknown}


   Skills:
 - Level 2.2 Fighting
 + Level 2.2 Short Blades
 - Level 1.2 Throwing
 - Level 1.3 Armour
 + Level 2.2 Dodging
 - Level 2.3 Spellcasting
 - Level 2.9 Translocations


You had 4 spell levels left.
You knew the following spells:

 Your Spells              Type           Power      Damage    Failure   Level
a - Blink                 Tloc           28%        N/A       14%         2

Your spell library contained the following spells:

 Spells                   Type           Power      Damage    Failure   Level
 Gell's Gravitas          Tloc           14%        N/A       26%         3
 Lesser Beckoning         Tloc           14%        N/A       26%         3
 Teleport Other           Tloc           14%        N/A       26%         3
 Manifold Assault         Tloc           14%        N/A       94%         5


Dungeon Overview and Level Annotations

Branches:
Dungeon (2/15)

Altars:


Innate Abilities, Weirdness & Mutations

You are partially covered in yellow scales. (AC +2)
Your magical capacity is low. (-10% MP)


Message History

The adder bites you.
You are lethally poisoned!
The adder poisons you!
You hit the adder.
The adder is moderately wounded.
You feel less invigorated.
You feel less confused.
You feel very sick. The adder barely misses you.
You hit the adder.
The adder is moderately wounded.
You feel sick.
The adder bites you but does no damage. x2
You barely miss the adder.
The adder is moderately wounded.
* * * LOW HITPOINT WARNING * * *
You feel very sick. The adder barely misses you.
You miss the adder.
The adder is moderately wounded.
* * * LOW HITPOINT WARNING * * *
You feel sick. The adder bites you.
* * * LOW HITPOINT WARNING * * *
You completely miss the adder.
The adder is moderately wounded.
* * * LOW HITPOINT WARNING * * *
You feel sick. The adder closely misses you.
You barely miss the adder.
The adder is moderately wounded.
* * * LOW HITPOINT WARNING * * *
You feel sick. The adder bites you but does no damage.
The adder barely misses you.
You hit the adder. Your punch misses the adder.
The adder is almost dead.
* * * LOW HITPOINT WARNING * * *
You feel sick. The adder barely misses you.
You hit the adder.
You kill the adder!
* * * LOW HITPOINT WARNING * * *
You feel sick.
You die...

#.........
#...)....#
........# ..)....#
......# ...(.#
#....# #@# #[#
#########.#
#(......#.#
########.#####.#.#
#.....##.# #...#
#.###.##.# #####
..# #.##.# #.#
#.##.#


There were no monsters in sight!

Vanquished Creatures
  2 adders (D:2)
  2 dart slugs (D:1)
  2 ball pythons (D:1)
  2 endoplasms (D:1)
  3 goblins
  4 hobgoblins (D:1)
  2 quokkas (D:1)
  2 bats
  4 frilled lizards (D:1)
  A kobold (D:1)
  3 rats (D:1)
27 creatures vanquished.

Notes
Turn   | Place    | Note
-------+----------+-------------------------------------------
     0 | D:1      | frimble the Demonspawn Warper began the quest for the Orb.
     0 | D:1      | Reached XP level 1. HP: 16/16 MP: 3/3
   248 | D:1      | Reached skill level 1 in Throwing
   248 | D:1      | Reached skill level 1 in Armour
   256 | D:1      | Gained mutation: You are partially covered in yellow
                  | scales. (AC +2) [demonic ancestry]
   256 | D:1      | Reached XP level 2. HP: 10/22 MP: 5/5
  1215 | D:1      | Found a faded altar of an unknown god.
  1420 | D:1      | Reached XP level 3. HP: 17/27 MP: 6/6
  1825 | D:2      | Learned a level 2 spell: Blink
  2035 | D:2      | Gained mutation: Your magical capacity is low. (-10% MP)
                  | [potion of mutation]
  2052 | D:2      | HP: 1/27 [poisoned by an adder]
  2053 | D:2      | Succumbed to an adder's poison

Illustrated notes

Levels and vault maps discovered:
D:1:      wander_arrival_peaceful_grave, layout_basic, basic_ecumenical_altar,
          minmay_heptomino_o4
D:2:      layout_basic, chequers_serial_rivers_small_3

Skill      XL: |  1  2 |
---------------+-------+-----
Throwing       | 1 |  1.2
Armour         | 1 |  1.3
Short Blades   | 2 |  2.2
Dodging        | 2 |  2.2
Fighting       | |  2.2
Spellcasting   | |  2.3
Translocations | |  2.9

Action                   || total
-------------------------++-------
Melee: Short sword       ||   140
       Punch             ||     1
  Use: Scroll            ||     6
       Potion            ||     3
 Stab: Sleeping          ||     1
Armor: Leather armour    ||    43
Dodge: Dodged            ||    78

Table legend: (Time is in decaauts)
 A = Elapsed time spent in this place.
 B = Non-inter-level travel time spent in this place.
 C = Inter-level travel time spent in this place.
 D = Time resting spent in this place.
 E = Time spent auto-exploring this place.
 F = Levels seen in this place.
 G = Mean time per level.
                   A        B        C        D        E       F      G
               +--------+--------+--------+--------+--------+-----+--------+
         Total |   2053 |   1997 |     56 |    187 |   1531 |   2 | 1026.5 |
       Dungeon |   2053 |   1997 |     56 |    187 |   1531 |   2 | 1026.5 |
               +--------+--------+--------+--------+--------+-----+--------+

Top non-repeatable levels by time:
     D:1: 1738 daAuts
     D:2: 315 daAuts
